 Dungeon Crawl Stone Soup version 0.31.0-1-g2c135a008e (webtiles) character file.

Game seed: 8601222017927504340

2925 qw the Skirmisher (level 10, -1/72 HPs)
             Began as a Djinni Hunter on Jan 23, 2024.
             Was a Follower of Okawaru.
             Slain by a yak (2 damage)
             ... on level 8 of the Dungeon.
             The game lasted 00:00:31 (5917 turns).

qw the Skirmisher (Djinni Hunter)                   Turns: 5917, Time: 00:00:31

Health: -1/72      AC:  8    Str: 10    XL:     10   Next: 7%
Gold:   501        EV: 13    Int: 10    God:    Okawaru [*.....] SH:  0 Dex: 20

rFire   + + .        a - +1 shortbow (drain)
rCold   . . .        (shield currently unavailable)
rNeg    . . .        f - +0 ring mail
rPois   inf          c - +0 helmet
rElec   .            q - +1 cloak {Stlth+}
rCorr   .            (no gloves)
SInv    +            (boots unavailable)
Will    +....        (no amulet)
Stlth   ++           p - ring of protection from cold
HPRegen 0.32/turn    j - ring of see invisible
MPRegen 0.00/turn

%: clarity, infuse magic (-2 HP)
@: flying
A: sickness immunity, fire resistance 2, cold vulnerability 1, float, innate
caster, HP casting, extra vitality 1, clarity, dopey 1
a: Renounce Religion, Heroism


You were on level 8 of the Dungeon.
You worshipped Okawaru.
Okawaru was aware of your devotion.
You visited 1 branch of the dungeon, and saw 8 of its levels.

You collected 501 gold pieces.


Innate Abilities, Weirdness & Mutations

You are immune to sickness and miasma.
You are immune to poison.
Your flesh is very heat resistant. (rF++)
You are vulnerable to cold. (rC-)
You float through the air rather than walking.
You learn spells naturally, not from books.
Your magical power is your life essence.
You have superior vitality. (+4 MHP)
You possess an exceptional clarity of mind.
You are dopey. (Int -2)


   Skills:
 - Level 6.1 Fighting
 + Level 8.8 Ranged Weapons
 - Level 3.1 Armour
 - Level 5.0 Dodging
 - Level 0.7 Stealth
 - Level 4.2 Invocations


You knew the following spells:

 Your Spells              Type           Power      Damage    Failure   Level
a - Sandblast             Erth           0%         2d4       67%         1
b - Call Imp              Summ           0%         N/A       80%         2
c - Volatile Blastmotes   Fire/Tloc      0%         2d10      95%         3
d - Flame Wave            Conj/Fire      0%         2d4       100%        4
Your spell library was empty.

Inventory:

Hand Weapons
 a - a +1 shortbow of draining (weapon)
Armour
 c - a +0 helmet (worn)
 f - a +0 ring mail (worn)
 q - a +1 cloak of stealth (worn)
Jewellery
 j - a ring of see invisible (right hand)
 p - a ring of protection from cold (left hand)
 t - a ring of resist corrosion
 w - a ring of see invisible
 Y - a ring of protection from fire
Wands
 g - a wand of acid (5)
 s - a wand of paralysis (5)
 u - a wand of digging (7)
Potions
 b - 3 potions of cancellation
 e - a potion of degeneration {unknown}
 i - a potion of curing
 k - a potion of resistance {unknown}
 l - a potion of might
 r - a potion of haste {unknown}

Dungeon Overview and Level Annotations

Branches:
Dungeon (8/15)             Temple (0/1) D:6
   Lair: D:8-11

Altars:
Fedhas
Gozag
Okawaru
Ru
Yredelemnul

Shops:
D:7 (


Message History

You shoot an arrow. The arrow hits the yak!
The yak is heavily wounded.
The yak misses you.
You shoot an arrow. The arrow hits the yak!
You drain the yak.
The yak is severely wounded.
The yak gores you but does no damage.
You shoot an arrow. The arrow barely misses the yak. x2
The arrow hits the orc!
You kill the orc!
Okawaru accepts your kill. The yak misses you.
The orc priest casts a cantrip, but nothing happens.
You shoot an arrow. The arrow barely misses the yak.
The arrow hits the yak but does no damage.
The yak is moderately wounded.
The yak gores you.
The orc priest mumbles some strange prayers to Beogh against you.
Beogh smites you!
You shoot an arrow. The arrow closely misses the yak.
The arrow hits the yak.
You drain the yak.
The yak is heavily wounded.
The yak closely misses you.
You shoot an arrow. The arrow hits the yak!
You drain the yak.
You kill the yak!
Okawaru accepts your kill.
The orc priest calls down the wrath of Beogh upon you.
Beogh smites you!
You shoot an arrow. The arrow closely misses the yak.
The arrow hits the orc!
You kill the orc!
Okawaru accepts your kill. The yak gores you!
You shoot an arrow.
The arrow hits the yak but does no damage.
You drain the yak.
The yak is heavily wounded.
The yak gores you but does no damage. x2
You shoot an arrow. The arrow hits the yak.
The yak is severely wounded.
The yak gores you.
You die...

¤¤...#.
¤....$.
...$$..
¤..Y$$. .
.$... ...
...
#....#o#####
#...)oY@..#
#..>.o###.#
.....### #.#
.... #<# #.#
... #.###.#
.. #.....# #
#######


You could see 2 yaks, an orc priest, an orc wizard (invisible) and an orc.

Vanquished Creatures
  Maurice (D:7)
  A yak (D:8)
  Menkaure (D:7)
  An acid dragon (D:7)
  A water moccasin (D:5)
  An ice beast (D:7)
  A black bear (D:5)
  2 sky beasts (D:7)
  2 ogres
  A centaur (D:7)
  2 phantoms
  A bullfrog (D:6)
  4 scorpions
  3 bombardier beetles
  A centaur zombie (D:7)
  4 hounds
  A gnoll bouda (D:7)
  An orc priest (D:6)
  Jessica (D:2)
  2 sleepcaps (D:6)
  2 iguanas (D:4)
  Ijyb (D:4)
  Natasha (twice) (D:4)
  7 orc wizards
  Terence (D:3)
  A howler monkey zombie (D:7)
  Robin (D:4)
  7 gnolls
  7 adders
  A shadow imp (D:6)
  2 white imps (D:7)
  6 ufetubi (D:6)
  3 dart slugs
  A ribbon worm (D:5)
  19 orcs
  8 endoplasms
  4 giant cockroaches
  15 goblins
  9 hobgoblins
  4 jackals (D:2)
  3 quokkas
  5 ball pythons
  3 bats (D:2)
  4 frilled lizards (D:1)
  7 kobolds
  4 rats
159 creatures vanquished.

Notes
Turn   | Place    | Note
-------+----------+-------------------------------------------
     0 | D:1      | qw the Djinni Hunter began the quest for the Orb.
     0 | D:1      | Reached XP level 1. HP: 18/18 MP: 0/0
     0 | D:1      | 0 ||| qw: Version: 0.3-a-135-gb77e89d
     0 | D:1      | 0 ||| qw: Game counter: 803
     0 | D:1      | 0 ||| qw: Melee chars always use a shield: true
     0 | D:1      | 0 ||| qw: God list: Okawaru
     0 | D:1      | 0 ||| qw: Allow faded altars: false
     0 | D:1      | 0 ||| qw: Do Orc after clearing Dungeon:15 true
     0 | D:1      | 0 ||| qw: Do second Lair branch before Depths: true
     0 | D:1      | 0 ||| qw: Lair rune preference: random
     0 | D:1      | 0 ||| qw: Goals: Normal
     0 | D:1      | 0 ||| PLANNING D:1-11
   164 | D:1      | Reached XP level 2. HP: 23/23 MP: 0/0
   359 | D:1      | Reached XP level 3. HP: 28/28 MP: 0/0
   359 | D:1      | Learned a level 1 spell: Sandblast
   395 | D:1      | Reached skill level 4 in Ranged Weapons
   690 | D:1      | 690 ||| UPGRADING to +0 ring mail.
   700 | D:1      | 700 ||| DROPPING +0 leather armour.
   701 | D:1      | 701 ||| READING scroll labelled LOPPEXTISK.
   701 | D:1      | 701 ||| BRANDING +0 shortbow.
   702 | D:1      | 702 ||| READING scroll labelled XIUCWOHYXO.
   703 | D:1      | 703 ||| DRINKING 3 viscous brown potions.
   704 | D:1      | 704 ||| DRINKING 2 red potions.
   705 | D:1      | 705 ||| DROPPING scroll of butterflies.
   762 | D:2      | Noticed Jessica
   772 | D:2      | Killed Jessica
   773 | D:2      | Reached skill level 1 in Armour
   773 | D:2      | Reached XP level 4. HP: 34/34 MP: 0/0
   839 | D:2      | Reached skill level 3 in Fighting
  1008 | D:2      | Reached XP level 5. HP: 40/40 MP: 0/0
  1008 | D:2      | Learned a level 2 spell: Call Imp
  1122 | D:2      | You are sucked into a shaft and drop 1 floor!
  1177 | D:3      | Noticed Terence
  1182 | D:3      | Killed Terence
  1221 | D:3      | 1221 ||| DROPPING ring of wizardry.
  1222 | D:3      | 1222 ||| UPGRADING to ring of protection from fire.
  1223 | D:3      | 1223 ||| READING scroll labelled SAGETSIMPE.
  1223 | D:3      | 1223 ||| IDENTIFYING purple potion
  1224 | D:3      | 1224 ||| READING scroll labelled ARHOMOH AGUDUMPAXT.
  1224 | D:3      | 1224 ||| ENCHANTING +0 shortbow of draining.
  1225 | D:3      | 1225 ||| READING 2 scrolls labelled NEHEAR XAFUNN.
  1226 | D:3      | 1226 ||| READING 2 scrolls labelled SIORIR NI QETS.
  1231 | D:3      | 1231 ||| DROPPING potion of lignification.
  1232 | D:3      | 1232 ||| DROPPING scroll of revelation.
  1253 | D:3      | 1253 ||| FLEEEEING.
  1254 | D:3      | 1254 ||| STAIRDANCE
  1615 | D:3      | Found a sacrificial altar of Ru.
  1708 | D:3      | 1708 ||| READING scroll of identify.
  1708 | D:3      | 1708 ||| IDENTIFYING inky potion
  1709 | D:3      | 1709 ||| READING scroll labelled MUDIME SOEPUDA.
  1710 | D:3      | 1710 ||| READING scroll labelled OGOINI VIBOF.
  1742 | D:4      | Reached XP level 6. HP: 42/46 MP: 0/0
  1744 | D:4      | Reached skill level 5 in Ranged Weapons
  1770 | D:4      | Reached skill level 3 in Dodging
  1813 | D:4      | Noticed Robin
  1818 | D:4      | Killed Robin
  1922 | D:4      | Reached XP level 7. HP: 52/52 MP: 0/0
  1922 | D:4      | Learned a level 3 spell: Volatile Blastmotes
  2045 | D:4      | Noticed Natasha
  2048 | D:4      | Killed Natasha
  2152 | D:4      | Noticed Ijyb
  2156 | D:4      | HP: 11/52 [Ijyb/+5 club (3)]
  2157 | D:4      | 2157 ||| READING scroll of teleportation.
  2158 | D:4      | 2158 ||| DRINKING 2 potions of heal wounds.
  2171 | D:4      | HP: 11/52 [Ijyb/+5 club (8)]
  2172 | D:4      | 2172 ||| DRINKING potion of heal wounds.
  2175 | D:4      | Killed Ijyb
  2644 | D:4      | Found a blossoming altar of Fedhas.
  2653 | D:4      | 2653 ||| UPGRADING to +0 helmet.
  2658 | D:4      | 2658 ||| READING scroll of identify.
  2658 | D:4      | 2658 ||| IDENTIFYING glowing cyan potion
  2659 | D:4      | 2659 ||| DRINKING potion of mutation.
  2659 | D:4      | Gained mutation: You occasionally shout uncontrollably at
                  | your foes. [potion of mutation]
  2659 | D:4      | Gained mutation: Your mind is acute. (Int +4, Str/Dex -1)
                  | [potion of mutation]
  2659 | D:4      | Gained mutation: Your movements are slightly less
                  | encumbered by armour. (ER -2) [potion of mutation]
  2659 | D:4      | Gained mutation: Your mind is very acute. (Int +8, Str/Dex
                  | -2) [potion of mutation]
  2660 | D:4      | 2660 ||| READING scroll labelled XUYLLU HIAWUCW.
  2802 | D:4      | Noticed Natasha
  2804 | D:4      | Killed Natasha
  2805 | D:4      | Reached skill level 6 in Ranged Weapons
  2814 | D:5      | Entered Level 5 of the Dungeon
  2838 | D:5      | Noticed a water moccasin
  2846 | D:5      | Killed a water moccasin
  2847 | D:5      | Reached skill level 3 in Armour
  2847 | D:5      | Reached XP level 8. HP: 39/58 MP: 0/0
  3210 | D:5      | Reached skill level 7 in Ranged Weapons
  3567 | D:5      | Found an iron altar of Okawaru.
  3568 | D:5      | 3568 ||| PLANNING OKAWARU WORSHIP
  3568 | D:5      | 3568 ||| UPGRADING to ring of see invisible.
  3569 | D:5      | 3569 ||| READING scroll labelled YHOEFUC QEUS.
  3570 | D:5      | 3570 ||| READING scroll labelled KAOSUL ESOQAT.
  3571 | D:5      | 3571 ||| DRINKING 2 blue potions.
  3574 | D:5      | Became a worshipper of Warmaster Okawaru
  3575 | D:5      | 3575 ||| PLANNING D:1-11
  4180 | D:6      | Found an opulent altar of Gozag.
  4272 | D:6      | 4272 ||| DRINKING 2 potions of mutation.
  4272 | D:6      | Lost mutation: You occasionally shout uncontrollably at
                  | your foes. [potion of mutation]
  4272 | D:6      | Lost mutation: Your mind is very acute. (Int +8, Str/Dex
                  | -2) [potion of mutation]
  4272 | D:6      | Gained mutation: You possess an exceptional clarity of
                  | mind. [potion of mutation]
  4272 | D:6      | Gained mutation: Your spells are a little harder to cast,
                  | but a little more powerful. [potion of mutation]
  4273 | D:6      | 4273 ||| DRINKING potion of mutation.
  4273 | D:6      | Lost mutation: Your spells are a little harder to cast, but
                  | a little more powerful. [potion of mutation]
  4273 | D:6      | Lost mutation: Your movements are slightly less encumbered
                  | by armour. (ER -2) [potion of mutation]
  4273 | D:6      | Lost mutation: Your mind is acute. (Int +4, Str/Dex -1)
                  | [potion of mutation]
  4273 | D:6      | Gained mutation: You are dopey. (Int -2) [potion of
                  | mutation]
  4525 | D:6      | Found a staircase to the Ecumenical Temple.
  4599 | D:6      | Reached XP level 9. HP: 61/65 MP: 0/0
  4599 | D:6      | Learned a level 4 spell: Flame Wave
  4608 | D:6      | Reached * piety under Okawaru
  4848 | D:6      | 4848 ||| UPGRADING to ring of protection from cold.
  4850 | D:6      | 4850 ||| READING scroll labelled ZUNACE WYWNINK.
  4851 | D:6      | 4851 ||| DRINKING 2 sapphire potions.
  4852 | D:6      | 4852 ||| DRINKING 2 clear potions.
  4853 | D:6      | 4853 ||| DRINKING 2 potions of curing.
  4853 | D:6      | 4853 ||| (to cure confusion)
  4854 | D:6      | 4854 ||| DROPPING potion of brilliance.
  4855 | D:6      | 4855 ||| DROPPING potion of ambrosia.
  4963 | D:7      | Reached skill level 1 in Invocations
  4976 | D:7      | Noticed Maurice
  4978 | D:7      | 4978 ||| ZAPPING wand of acid (9) at -5,-1 (Maurice;
                  | floor).
  4979 | D:7      | 4979 ||| ZAPPING wand of acid (8) at -4,-1 (Maurice;
                  | floor).
  4980 | D:7      | 4980 ||| ZAPPING wand of acid (7) at -3,-1 (Maurice;
                  | floor).
  4981 | D:7      | 4981 ||| ZAPPING wand of acid (6) at -2,-1 (Maurice;
                  | floor).
  4982 | D:7      | Reached skill level 8 in Ranged Weapons
  4982 | D:7      | 4982 ||| INVOKING Heroism.
  4983 | D:7      | Maurice stole 406 gold
  4991 | D:7      | Killed Maurice
  4992 | D:7      | Reached skill level 3 in Invocations
  5023 | D:7      | 5023 ||| FLEEEEING.
  5024 | D:7      | 5024 ||| FLEEEEING.
  5027 | D:7      | 5027 ||| FLEEEEING.
  5037 | D:7      | 5037 ||| FLEEEEING.
  5258 | D:7      | Found a basalt altar of Yredelemnul.
  5498 | D:7      | Found Epsewi's Weapon Shoppe.
  5521 | D:7      | HP: 6/66 [acid dragon/splash of acid (24)]
  5522 | D:7      | 5522 ||| READING scroll of teleportation.
  5523 | D:7      | 5523 ||| DRINKING potion of heal wounds.
  5526 | D:7      | Reached skill level 6 in Fighting
  5656 | D:7      | Noticed Menkaure
  5658 | D:7      | 5658 ||| INVOKING Heroism.
  5661 | D:7      | Killed Menkaure
  5778 | D:7      | Reached XP level 10. HP: 48/72 MP: 0/0
  5853 | D:7      | 5853 ||| DROPPING +1 hat of stealth.
  5854 | D:7      | 5854 ||| UPGRADING to +1 cloak of stealth.
  5859 | D:7      | 5859 ||| READING scroll of identify.
  5859 | D:7      | 5859 ||| IDENTIFYING fizzy cyan potion
  5860 | D:7      | 5860 ||| DRINKING 2 white potions.
  5861 | D:7      | 5861 ||| DROPPING potion of magic.
  5862 | D:7      | 5862 ||| DROPPING potion of attraction.
  5894 | D:8      | 5894 ||| RETREEEEATING.
  5912 | D:8      | HP: 16/72 [orc priest/divine providence (17)]
  5914 | D:8      | HP: 7/72 [orc priest/divine providence (9)]
  5915 | D:8      | HP: 1/72 [yak (7)]
  5917 | D:8      | Slain by a yak

Levels and vault maps discovered:
D:1:      dpeg_arrival_signposts, layout_basic, minmay_split_cup_small
D:2:      layout_loops_ring, uniq_jessica
D:3:      layout_rooms, mainiacjoe_overflow_six_doors_small, serial_park_tiny_1,
          uniq_terence
D:4:      layout_gridville, fedhas_altar_4, uniq_robin, uniq_ijyb, uniq_natasha
D:5:      layout_layer_cave, kennysheep_mini_moat, marbit_many_paths,
          minivault_4
D:6:      layout_gridville, mainiacjoe_overflow_brackets,
          minmay_temple_entry_statues
D:7:      layout_basic, lemuel_zombie_altar_yredelemnul, serial_shops,
          nicolae_shop_gibbet_a_chance, uniq_maurice, uniq_menkaure
D:8:      minmay_curly_fans, layout_basic, mainiacjoe_overflow_chevrons,
          hangedman_decor_opposing, kennysheep_nondescript,
          dreamdust_wishing_well, uniq_jeremiah, uniq_erica, uniq_pikel

Skill      XL: |  1  2  3  4  5  6  7  8  9 |
---------------+----------------------------+-----
Ranged Weapons | 4 5 6 7 8 |  8.8
Armour         | 1 3 |  3.1
Fighting       | 3 4 5 6 |  6.1
Dodging        | 3 4 5 |  5.0
Invocations    | 4 |  4.2
Stealth        | |  0.7

Action                     |  1- 3 |  4- 6 |  7- 9 | 10-12 || total
---------------------------+-------+-------+-------+-------++-------
   Fire: Shortbow          |    68 |   124 |   343 |    23 ||   558
 Invoke: Heroism           |       |       |     2 |       ||     2
  Evoke: Wand              |       |       |     4 |       ||     4
    Use: Scroll            |     2 |     7 |     7 |     1 ||    17
         Potion            |     2 |       |    10 |     1 ||    13
 Armour: Leather armour    |     4 |       |       |       ||     4
         Ring mail         |     3 |    22 |   148 |    10 ||   183
  Dodge: Dodged            |    14 |    25 |   153 |     8 ||   200

Table legend:
 A = Non-vault XP
 B = Vault XP
 C = Vault XP percentage of total XP
 D = Non-vault monster count
 E = Vault monster count
 F = Vault count percentage of total count
                 A         B        C        D         E       F
            +---------+---------+-------+---------+---------+-------
      Total |    3262 |     917 |  21.9 |     136 |      23 |  14.5
            +---------+---------+-------+---------+---------+-------
        D:1 |      45 |       4 |   8.2 |      26 |       3 |  10.3
        D:2 |      64 |      37 |  36.6 |      21 |       1 |   4.5
        D:3 |      62 |      32 |  34.0 |       7 |       1 |  12.5
        D:4 |     529 |     104 |  16.4 |      18 |      13 |  41.9
        D:5 |     618 |      13 |   2.1 |      12 |       1 |   7.7
        D:6 |     621 |       0 |   0.0 |      29 |       0 |   0.0
        D:7 |    1073 |     727 |  40.4 |      19 |       4 |  17.4
        D:8 |     250 |       0 |   0.0 |       4 |       0 |   0.0
            +---------+---------+-------+---------+---------+-------
